 Dungeon Crawl Stone Soup version 0.31-a0-303-gdc8c9485ea (webtiles) character file.

Game seed: 14364985188835235955

730 cforsyth the Ruffian (level 8, 0/91 HPs)
             Began as a Meteoran Shapeshifter on July 16, 2023.
             Slain by a hornet (8 damage)
             ... on level 4 of the Dungeon.
             The game lasted 00:07:28 (1371 turns).

cforsyth the Ruffian (Meteoran Shapeshifter)        Turns: 1371, Time: 00:07:29

Health: 0/91       AC: 24    Str: 19 (20) XL:     8   Next: 23%
Magic:  9/9        EV:  2    Int:  6 (9)  God:
Gold:   37         SH:  0    Dex: 11 (14) Spells: 7/7 levels left

rFire   . .          .
                       - Unarmed
rCold   . . .        (no shield)
rNeg    . . .        a - melded +0 animal skin
rPois   +            (helmet currently unavailable)
rElec   .            (cloak currently unavailable)
rCorr   .            (gloves currently unavailable)
SInv    .            (boots currently unavailable)
Will    +....        (no amulet)
Stlth   +            (no ring)
HPRegen 0.35/turn    (no ring)
MPRegen 0.11/turn

%: no passive effects
@: tree-form, slowed, glowing, very slow
A: stationary, stasis, torment immunity, boosted hp, sense surroundings 1,
otherworldly, glowing, explore regen
a: no special abilities


You were on level 4 of the Dungeon.
You were a tree.
You visited 1 branch of the dungeon, and saw 6 of its levels.
You also visited: Sewer.

You collected 37 gold pieces.

Inventory:

Armour
 a - a +0 animal skin (melded)
 e - a +0 helmet
 k - a +1 pair of gloves
Talismans
 c - a beast talisman
Wands
 d - a wand of polymorph (7)
Scrolls
 b - 2 scrolls of revelation {unknown}
 f - a scroll of enchant armour {unknown}
 g - a scroll of noise {unknown}
 h - 4 scrolls of teleportation {unknown}
 i - a scroll of brand weapon {unknown}
 j - a scroll of poison {unknown}
 m - 2 scrolls of identify {unknown}
 q - 2 scrolls of fear {unknown}
 r - a scroll of enchant weapon {unknown}
Potions
 l - a potion of degeneration
 n - a potion of brilliance {unknown}
 p - a potion of invisibility {unknown}


   Skills:
 - Level 2.1 Fighting
 - Level 2.4 Dodging
 + Level 7.4 Unarmed Combat
 + Level 6.9 Shapeshifting


You had 7 spell levels left.
You didn't know any spells.
Your spell library contained the following spells:

 Spells                   Type           Power      Damage    Failure   Level
 Necrotise                Necr           0%         1d4       45%         1
 Sandblast                Erth           0%         2d4       45%         1
 Passwall                 Tmut/Erth      0%         N/A       58%         2
 Vampiric Draining        Necr           0%         2d6       83%         3
 Animate Armour           Summ/Erth      0%         N/A       99%         4
 Petrify                  Tmut/Erth      0%         N/A       99%         4
 Agony                    Necr           0%         N/A       100%        5
 Shatter                  Erth           0%         3d5*      100%        9


Dungeon Overview and Level Annotations

Branches:
Dungeon (6/15) Zot: 2365    Sewer (visited)
 Temple: D:4-7

Altars:


Innate Abilities, Weirdness & Mutations

You are a tree.
Your roots penetrate the ground, keeping you stationary.
You cannot be teleported.
You are immune to unholy pain and torment.
Your maximum health is greatly increased.
Your equipment is partially melded.
You passively map a small area around you.
You are easily found by Zot.
You glow in the dark.
You regain HP and MP as you explore.


Message History

A hornet comes into view.
An orc comes into view. It is wielding a +0 flail.
You feel sick.
The orc shouts!
The hornet buzzes angrily.
Okay, then.
You closely miss the hornet.
You feel sick.
You are no longer poisoned.
The hornet stings you.
You feel yourself slow down.
Unknown command.
You miss the hornet. The hornet stings you!
You feel as though you will be slow longer.
The hornet stings you but does no damage.
An ogre comes into view. It is wielding a +0 giant spiked club.
You barely miss the hornet.
The ogre shouts!
You hear a shout!
The hornet barely misses you. The hornet stings you.
You feel as though you will be slow longer.
Unknown command.
You hit the hornet.
The hornet is lightly wounded.
The hornet stings you!
* * * LOW HITPOINT WARNING * * *
You feel as though you will be slow longer.
The hornet stings you.
* * * LOW HITPOINT WARNING * * *
You feel as though you will be slow longer.
Unknown command.
Okay, then.
Okay, then.
Really quaff the potion of lignification?
Your transformation has ended.
You turn into a tree.
Your +0 animal skin melds into your body.
Your roots penetrate the ground.
The hornet stings you.
* * * LOW HITPOINT WARNING * * *
You feel as though you will be slow longer.
A hobgoblin comes into view.
The hornet stings you but does no damage.
The hornet stings you!
You die...

#.....?.#
.......#### , ,, *
.......?.#
*#####..^).### *
#>......†...#
#.#..(##+#..##### *
,
#.................
,
#.#......###..#...,
#.##...#♣..#..# ,.
#..#####y#......
##.* * #o#.#.#### *
.* ,.O# . # , ..#
## ,, , * +....* *
, ..g. , #.... *


You could see a hornet, an ogre, an orc and a hobgoblin.

Vanquished Creatures
  Pargi (Sewer)
  A black bear (D:5)
  A phantom (D:5)
  A kobold brigand (D:5)
  2 scorpions
  2 sleepcaps (D:5)
  An iguana (D:5)
  Robin (D:3)
  6 gnolls
  4 adders
  2 worms
  A dart slug (D:2)
  2 orcs
  11 ball pythons
  4 bats
  3 endoplasms
  4 giant cockroaches
  16 goblins
  9 hobgoblins
  5 jackals
  8 frilled lizards
  6 kobolds
  5 rats
96 creatures vanquished.

Notes
Turn   | Place    | Note
-------+----------+-------------------------------------------
     0 | D:1      | cforsyth the Meteoran Shapeshifter began the quest for the
                  | Orb.
     0 | D:1      | Reached XP level 1. HP: 17/17 MP: 2/2
    51 | D:1      | Reached XP level 2. HP: 17/24 MP: 3/3
    89 | D:1      | Reached skill level 3 in Unarmed Combat
   150 | D:1      | Reached XP level 3. HP: 27/29 MP: 4/4
   173 | D:1      | Got the Thoughts on the Plateau
   300 | D:2      | Reached XP level 4. HP: 31/36 MP: 5/5
   488 | D:2      | Reached skill level 4 in Unarmed Combat
   538 | D:2      | Reached XP level 5. HP: 22/41 MP: 6/6
   731 | D:4      | Noticed Robin
   752 | D:3      | Reached skill level 5 in Shapeshifting
   792 | D:3      | Killed Robin
   845 | D:5      | Entered Level 5 of the Dungeon
   865 | D:5      | Noticed a kobold brigand
   878 | D:5      | Killed a kobold brigand
   879 | D:5      | Reached skill level 5 in Unarmed Combat
   879 | D:5      | Reached XP level 6. HP: 48/48 MP: 7/7
   884 | D:5      | Noticed a black bear
   911 | D:5      | Killed a black bear
   912 | D:5      | Reached skill level 6 in Unarmed Combat
   912 | D:5      | Reached XP level 7. HP: 26/55 MP: 8/8
  1139 | D:5      | Found a glowing drain.
  1143 | Sewer    | Entered a sewer
  1186 | Sewer    | Noticed Pargi
  1200 | Sewer    | Killed Pargi
  1201 | Sewer    | Reached skill level 7 in Unarmed Combat
  1201 | Sewer    | Reached XP level 8. HP: 44/61 MP: 9/9
  1365 | D:4      | Noticed a hornet
  1371 | D:4      | Slain by a hornet

Illustrated notes

Levels and vault maps discovered:
D:1:      wheals_arrival_linesprint, layout_rooms
D:2:      minmay_evil_eye, layout_basic, dreamdust_princess_bridge
D:3:      layout_basic, hellmonk_ecumenical_altar_inner_sanctum,
          kennysheep_generic_room_10
D:4:      layout_basic, minmay_temple_entry_nine_rooms, uniq_robin
D:5:      layout_basic, gup_sewer_entry_bowl
D:6:      lemuel_slime, layout_basic, mainiacjoe_overflow_concentric_impassable,
          lemuel_tele_altar, uniq_crazy_yiuf_cottage, uniq_eustachio,
          uniq_duvessa

Skill      XL: |  1  2  3  4  5  6  7 |
---------------+----------------------+-----
Unarmed Combat | 3 4 5 6 7 |  7.4
Shapeshifting  | 4 5 6 |  6.9
Fighting       | |  2.1
Dodging        | |  2.4

Action                     |  1- 3 |  4- 6 |  7- 9 || total
---------------------------+-------+-------+-------++-------
  Melee: Unarmed           |    48 |   138 |    93 ||   279
         Punch             |     2 |     4 |     5 ||    11
    Use: Potion            |       |     6 |     4 ||    10
 Armour: Animal skin       |    10 |    19 |    17 ||    46
         Skin              |       |    55 |     1 ||    56
  Dodge: Dodged            |    20 |    77 |    38 ||   135

Table legend: (Time is in decaauts)
 A = Elapsed time spent in this place.
 B = Non-inter-level travel time spent in this place.
 C = Inter-level travel time spent in this place.
 D = Time resting spent in this place.
 E = Time spent auto-exploring this place.
 F = Levels seen in this place.
 G = Mean time per level.
                   A        B        C        D        E       F      G
               +--------+--------+--------+--------+--------+-----+--------+
         Total |   1365 |   1365 |      0 |     25 |      0 |   7 |  195.0 |
       Dungeon |   1233 |   1233 |      0 |     25 |      0 |   6 |  205.5 |
         Sewer |    132 |    132 |      0 |      0 |      0 |   1 |  132.0 |
               +--------+--------+--------+--------+--------+-----+--------+

Top non-repeatable levels by time:
     D:5: 370 daAuts
     D:2: 284 daAuts
     D:3: 262 daAuts
     D:1: 249 daAuts
   Sewer: 132 daAuts
     D:4: 64 daAuts
     D:6: 1 daAuts
